AoeStats
← [GDL] turbojj

Arena

506172014Analyzed
4v4 RM · 19d ago on Sep 12, 2026· 44m 2s· 8 players
Game mode
Random Map
Map size
Large (8 player)
Population
200
Speed
Normal
Resources
Standard
Victory
Conquest
Starting age
Dark Age
Ending age
Imperial Age
RankedLock teamsTeams togetherTeam positionsShared explorationLock speedFull tech treeHidden civsTurbo modeCheats
Victory
Defeat
🇨🇳 Turks · China
1743
+9
🇦🇷 Inca · Argentina
1670
+12
🇨🇴 Gurjaras · Colombia
1602
+14
🇺🇸 Slavs · United States
1511
+18
🇩🇿 Italians · Algeria
1629
-16
🇰🇼 Teutons · Kuwait
1626
-15
🇺🇸 Dravidians · United States
1512
-11
🇩🇪 Romans · Germany
1503
-11
SCV
7:05 Loom
9:03 Feudal Age
9:55 Double-Bit Axe
9:52 Horse Collar
10:40 Fletching
20:02 Castle Age
18:31 Gold Mining
18:35 Stone Mining
20:57 Bow Saw
20:50 Scale Mail Armor
21:45 Wheelbarrow
27:24 Chain Mail Armor
29:11 Heavy Plow
34:14 Fortified Wall
36:33 Hand Cart
37:09 Masonry
38:49 Gold Shaft Mining
40:48 Imperial Age
42:06 Thumb Ring
42:02 Padded Archer Armor
41:58 Bodkin Arrow
42:07 Elite Skirmisher
43:45 Conscription
[GDL] turbojj
10:35 Feudal Age
14:13 Castle Age
13:06 Double-Bit Axe
13:03 Horse Collar
17:27 Bow Saw
17:58 Wheelbarrow
22:21 Gold Mining
27:00 Imperial Age
24:16 Loom
25:16 Forging
25:12 Scale Barding Armor
26:01 Bloodlines
25:52 Husbandry
26:32 Iron Casting
27:02 Chain Barding Armor
26:55 Stone Mining
27:11 Heavy Camel Rider
28:25 Hand Cart
30:05 Plate Barding Armor
30:29 Heavy Plow
30:50 Fletching
31:59 Stone Shaft Mining
32:01 Gold Shaft Mining
32:28 Bodkin Arrow
33:44 Chemistry
32:07 Onager
34:14 Treadmill Crane
36:32 Ballistics
38:18 Crop Rotation
38:27 Siege Elephant
40:12 Bracer
40:13 Padded Archer Armor
39:37 Elite Skirmisher
39:37 Elite Elephant Archer
40:48 Conscription
40:52 Frontier Guards
40:41 Kshatriyas
41:17 Thumb Ring
42:22 Leather Archer Armor
AML4554
10:48 Feudal Age
15:35 Castle Age
13:27 Double-Bit Axe
13:44 Horse Collar
18:49 Bow Saw
25:15 Wheelbarrow
24:42 Heavy Plow
26:39 Hand Cart
26:09 Loom
27:26 Gold Mining
28:39 Detinets
31:40 Imperial Age
30:51 Ballistics
30:42 Masonry
30:42 Town Watch
32:34 Siege Engineers
33:30 Chemistry
31:56 Heavy Scorpion
33:51 Conscription
33:59 Onager
35:42 Fletching
36:04 Siege Onager
37:31 Hoardings
36:47 Pikeman
37:27 Squires
37:29 Scale Mail Armor
37:39 Forging
37:42 Halberdier
38:39 Chain Mail Armor
41:30 Plate Mail Armor
41:35 Iron Casting
41:02 Druzhina
41:38 Hoardings
42:24 Man-at-Arms
42:59 Long Swordsman
OX
11:31 Feudal Age
12:27 Double-Bit Axe
15:26 Castle Age
13:47 Horse Collar
16:22 Bow Saw
18:29 Loom
24:59 Padded Archer Armor
29:51 Wheelbarrow
30:57 Hand Cart
34:56 Imperial Age
32:37 Stone Mining
32:38 Gold Mining
34:20 Gold Shaft Mining
35:12 Leather Archer Armor
36:09 Conscription
36:28 Artillery
37:06 Ring Archer Armor
36:55 Fletching
37:13 Town Watch
38:32 Two-Man Saw
38:19 Bodkin Arrow
39:45 Ballistics
39:48 Bombard Tower
39:04 Elite Janissary
40:10 Heavy Plow
40:49 Treadmill Crane
41:19 Masonry
41:11 Bracer
42:39 Ballistics
42:51 Architecture
42:29 Scale Barding Armor
42:34 Forging
Mr. Snuss
9:36 Feudal Age
13:22 Castle Age
12:51 Double-Bit Axe
18:20 Loom
22:12 Wheelbarrow
21:23 Town Watch
26:30 Fletching
peah90
11:07 Feudal Age
11:29 Feudal Age
15:19 Castle Age
13:24 Double-Bit Axe
13:22 Horse Collar
22:01 Loom
23:15 Bow Saw
24:06 Wheelbarrow
28:24 Imperial Age
26:03 Ballistas
26:25 Ballistics
25:58 Gold Mining
26:56 Hand Cart
27:25 Heavy Plow
28:07 Fletching
28:29 Forging
28:19 Scale Mail Armor
30:15 Chemistry
29:51 Conscription
29:43 Pikeman
30:23 Squires
32:55 Heavy Scorpion
35:23 Iron Casting
34:49 Scale Mail Armor
37:44 Blast Furnace
36:44 Scale Mail Armor
37:58 Siege Engineers
40:02 Masonry
42:08 Halberdier
Jozzif
9:59 Feudal Age
10:35 Loom
14:21 Castle Age
13:16 Double-Bit Axe
21:09 Town Watch
25:14 Wheelbarrow
24:37 Horse Collar
25:12 Fletching
26:10 Bodkin Arrow
39:49 Redemption
39:59 Sanctity
39:50 Fervor
45:08 Imperial Age
43:01 Padded Archer Armor
Subclavian
10:45 Feudal Age
12:44 Double-Bit Axe
15:27 Castle Age
13:40 Horse Collar
16:50 Heavy Plow
17:06 Bow Saw
21:38 Wheelbarrow
23:45 Hand Cart
23:59 Stone Mining
25:57 Loom
30:17 Imperial Age
27:59 Forging
27:50 Scale Mail Armor
30:12 Iron Casting
29:52 Chain Mail Armor
30:29 Onager
32:29 Conscription
33:54 Blast Furnace
33:24 Plate Mail Armor
33:17 Elite Teutonic Knight
35:54 Crenellations
37:08 Siege Onager
40:46 Squires
Connection lost

Rejoining the realm…

Still unreachable

The connection could not be restored.

Session expired

The server has moved on; the page needs a fresh start.